 Dungeon Crawl Stone Soup version 0.21.1-1-g345015f (webtiles) character file.

7686 Fang the Spear-Bearer (level 11, -1/90 HPs)
             Began as a Gargoyle Berserker on May 14, 2018.
             Was a High Priest of Trog.
             Slain by a sixfirhy (5 damage)
             ... led by a cacodemon
             ... on level 2 of the Abyss.
             The game lasted 00:17:43 (8129 turns).

Fang the Spear-Bearer (Gargoyle Berserker)          Turns: 8129, Time: 00:17:44

Health: -1/90      AC: 26    Str: 29    XL:     11   Next: 19%
Magic:  0/8        EV: 12    Int:  8    God:    Trog [*****.]
Gold:   495        SH:  0    Dex:  9    Spells: 10/10 levels left

rFire    . . .     SeeInvis .   i - +2 spear (distort)
rCold    . . .     Gourm    .   (no shield)
rNeg     + . .     Faith    .   j - +4 scale mail
rPois    ∞         Spirit   +   (no helmet)
rElec    +         Reflect  .   u - scarf {Spirit}
rCorr    .         Harm     +   f - +2 pair of gloves
MR       +....     Rnd*Rage +   (no boots)
Stlth    ..........             s - amulet of harm
HPRegen  0.25/turn              n - +3 ring of protection
MPRegen  0.11/turn              A - ring of protection from magic

@: berserking (expiring), very quick
A: [berserk 2], frail 1, [low mp 2], negative energy resistance 1, electricity
resistance, unbreathing, petrification resistance, rot immunity, [subdued magic
2], AC +8
a: Berserk, Trog's Hand, Brothers in Arms, Burn Spellbooks, Renounce Religion


You were on level 2 of the Abyss.
You worshipped Trog.
Trog was extremely pleased with you.
You were not hungry.

You visited 1 branch of the dungeon, and saw 11 of its levels.
You visited the Abyss 1 time.

You collected 495 gold pieces.

Inventory:

Hand Weapons
 i - a +2 spear of distortion (weapon)
 t - a +3 hand axe
 z - the +3 whip "Maucheap" {venom, Int+2 SInv}
   (You found it on level 6 of the Dungeon)

   It poisons the flesh of those it strikes.
   It affects your intelligence (+2).
   It lets you see invisible.
 B - a +3 antimagic broad axe
Armour
 f - a +2 pair of gloves (worn)
 j - a +4 scale mail (worn)
 u - a scarf of spirit shield (worn)
Jewellery
 n - a +3 ring of protection (left hand)
 q - an uncursed ring of fire
 s - an amulet of harm (around neck)
 A - a ring of protection from magic (right hand)
Wands
 d - a wand of acid (5)
 y - a wand of flame (22)
Scrolls
 a - 3 scrolls of identify
 l - 3 scrolls of teleportation
 r - 3 scrolls of magic mapping
 v - 2 scrolls of remove curse
 C - a scroll of blinking
Potions
 b - a potion of cancellation
 e - 4 potions of invisibility
 g - a potion of berserk rage
 h - 4 potions of mutation
 k - 4 potions of heal wounds
 m - 4 potions of agility
 o - 2 potions of curing
 p - 2 potions of brilliance
 w - 2 potions of might
 x - a potion of haste
Comestibles
 c - 12 rations


   Skills:
 + Level 7.5 Fighting
 + Level 3.5(8.1) Axes
 + Level 11.3(11.5) Polearms
 + Level 8.2 Armour
 + Level 4.3 Dodging
 + Level 3.7 Stealth


You had 10 spell levels left.
You didn't know any spells.

Dungeon Overview and Level Annotations

Branches:
Dungeon (11/15)            Temple (0/1) D:4
   Lair: D:8-11         Orc: D:9-12

Altars:
Elyvilon
Fedhas
Gozag
Nemelex Xobeh
Okawaru
Sif Muna
Trog
Vehumet
Wu Jian
Xom
Yredelemnul
Zin

Shops:
D:9 =   D:10 ?

Annotations:
Abyss:1 Blork the orc


Innate Abilities, Weirdness & Mutations

You are resistant to torment.
Your stone body is resilient. (AC +8)
You are immune to poison.
You resist negative energy. (rN+)
You are resistant to electric shocks. (rElec)
You can survive without breathing.
You are immune to petrification.
You are immune to rotting.
You are frail. (-10% HP)
[You often lose your temper in combat.]
[Your magical capacity is very low. (-20% MP)]
[Your spells are easier to cast, but less powerful.]


Message History

You puncture the sixfirhy!
The sixfirhy is heavily wounded.
The sixfirhy blinks!
The wretched star glows turbulently.
The orb of energy hits you!
* * * LOW HITPOINT WARNING * * *
Unknown command.
The wretched star pulses with an eldritch light!
You feel less energetic. x2
You feel a strong urge to attack something.
The wretched star glows turbulently.
The orb of energy misses you.
The orb of energy hits the small abomination.
Unknown command.
Unknown command.
You feel yourself speed up.
The sixfirhy hits you but does no damage.
You hear a grinding noise.
The sixfirhy hits you.
You die...

#.# #.# ###.# #.#.#
#.#.# ##.#.###
.####......######.#.
.'...*.@..x....... .
.###...3...######...
#..##.....# #..
#.....# . . ###)###
# # ..# # ..#...# .
#..#..# ..


You could see a wretched star, a sixfirhy and a small abomination.

Vanquished Creatures
  Pikel (D:4)
  An orc sorcerer (Abyss:2)
  A manticore (D:8)
  Psyche (D:10)
  A troll (D:10)
  The ghost of Fang the Chopper, an amateur GrBe of Trog (D:3)
  Sigmund (D:4)
  A hippogriff (D:10)
  Eustachio (D:5)
  A vampire mosquito (D:8)
  Menkaure (D:5)
  A water moccasin (D:10)
  2 ice beasts (D:9)
  2 slaves (D:4)
  2 black bears
  2 phantoms
  A necrophage (D:10)
  5 centaurs
  2 ogres
  2 crocodiles (D:10)
  A bullfrog (D:7)
  3 big kobolds
  2 scorpions
  2 crimson imps
  2 jellies
  A quasit (D:7)
  6 orc priests
  4 hounds
  6 orc wizards
  Ijyb (D:3)
  A bullfrog skeleton (D:9)
  An iguana (D:9)
  7 worker ants
  A howler monkey zombie (D:6)
  A worker ant zombie (D:11)
  5 gnolls
  11 adders
  A shadow imp (D:5)
  2 oozes
  2 adder skeletons
  An adder zombie (D:7)
  2 worms (D:2)
  2 leopard geckos
  41 orcs
  11 bats
  2 giant cockroaches
  9 goblins
  10 hobgoblins
  6 jackals
  3 quokkas
  A ball python (D:2)
  5 frilled lizards
  A jackal skeleton (D:5)
  29 kobolds
  A leopard gecko zombie (D:7)
  8 rats
222 creatures vanquished.

Vanquished Creatures (others)
  2 two-headed ogres (D:10)
  2 hippogriffs
  A wraith (D:10)
  2 orc warriors
  2 big kobolds
  An orc wizard (D:5)
  A hound zombie (D:10)
  A hound skeleton (D:2)
  A worker ant zombie (D:5)
  An adder (D:5)
  An orc (D:5)
  A bat (D:2)
  A kobold (D:3)
17 creatures vanquished.

Grand Total: 239 creatures vanquished

Notes
Turn   | Place    | Note
-------+----------+-------------------------------------------
     0 | D:1      | Fang the Gargoyle Berserker began the quest for the Orb.
     0 | D:1      | Reached XP level 1. HP: 14/14 MP: 1/1
   234 | D:1      | Reached XP level 2. HP: 19/19 MP: 2/2
   531 | D:1      | Reached XP level 3. HP: 24/24 MP: 3/3
   532 | D:1      | Reached ** piety under Trog
   924 | D:2      | Found an opulent altar of Gozag.
   934 | D:2      | Reached XP level 4. HP: 29/29 MP: 4/4
  1204 | D:3      | Reached skill level 1 in Polearms
  1248 | D:3      | Noticed Fang's ghost (amateur GrBe)
  1257 | D:3      | Killed Fang's ghost
  1257 | D:3      | Reached skill level 3 in Polearms
  1257 | D:3      | Reached skill level 1 in Stealth
  1257 | D:3      | Reached XP level 5. HP: 33/33 MP: 5/5
  1257 | D:3      | Reached XP level 6. HP: 38/38 MP: 6/6
  1379 | D:3      | Noticed Ijyb
  1386 | D:3      | Killed Ijyb
  1530 | D:3      | Found an ornate altar of the Wu Jian Council.
  1532 | D:3      | Found a deep blue altar of Sif Muna.
  1597 | D:3      | Reached *** piety under Trog
  2144 | D:4      | Found a blossoming altar of Fedhas.
  2213 | D:4      | Found a sparkling altar of Nemelex Xobeh.
  2231 | D:4      | Reached skill level 4 in Polearms
  2268 | D:4      | Reached XP level 7. HP: 44/44 MP: 7/7
  2278 | D:4      | Noticed Sigmund
  2289 | D:4      | Killed Sigmund
  2341 | D:4      | Reached skill level 5 in Polearms
  2435 | D:4      | Noticed Pikel
  2453 | D:4      | Killed Pikel
  2453 | D:4      | Reached skill level 6 in Polearms
  2453 | D:4      | Reached XP level 8. HP: 48/48 MP: 8/8
  2481 | D:4      | Found a staircase to the Ecumenical Temple.
  2595 | D:4      | Found an iron altar of Okawaru.
  2599 | D:4      | Reached skill level 5 in Fighting
  2678 | D:5      | Entered Level 5 of the Dungeon
  2682 | D:5      | Found a bloodstained altar of Trog.
  2841 | D:5      | Noticed Menkaure
  2850 | D:5      | Killed Menkaure
  2913 | D:5      | Reached **** piety under Trog
  2942 | D:5      | Found a shimmering altar of Xom.
  2951 | D:5      | Found a bloodstained altar of Trog.
  2984 | D:5      | Noticed Blork the orc
  2988 | D:5      | Found a glowing silver altar of Zin.
  2988 | D:5      | Noticed an angel
  3025 | D:5      | Banished Blork the orc
  3025 | D:5      | Reached skill level 7 in Polearms
  3202 | D:5      | Noticed Eustachio
  3240 | D:5      | Killed Eustachio
  3240 | D:5      | Reached XP level 9. HP: 54/54 MP: 9/9
  3902 | D:6      | Reached skill level 8 in Polearms
  3923 | D:6      | Reached skill level 5 in Armour
  4032 | D:6      | Found a white marble altar of Elyvilon.
  4106 | D:6      | Got a shimmering whip
  4107 | D:6      | Identified the +3 whip "Maucheap" {venom, Int+2 SInv} (You found it on level 6 of the Dungeon)
  4137 | D:6      | Gained mutation: You are frail. (-10% HP) [mutagenic glow]
  4439 | D:6      | Found a basalt altar of Yredelemnul.
  4495 | D:6      | Found a deep blue altar of Sif Muna.
  4807 | D:7      | Found a radiant altar of Vehumet.
  5116 | D:7      | Reached skill level 9 in Polearms
  5246 | D:8      | Noticed a manticore
  5252 | D:8      | Killed a manticore
  5367 | D:9      | Found Hitib's Jewellery Shop.
  5404 | D:9      | Reached XP level 10. HP: 43/54 MP: 5/10
  5490 | D:9      | Reached ***** piety under Trog
  6026 | D:9      | Found a deep blue altar of Sif Muna.
  6316 | D:10     | Entered Level 10 of the Dungeon
  6319 | D:10     | Noticed a two-headed ogre
  6333 | D:10     | Noticed a two-headed ogre
  6369 | D:10     | Banished a two-headed ogre
  6369 | D:10     | Reached skill level 10 in Polearms
  6412 | D:10     | Noticed Psyche
  6429 | D:10     | Killed Psyche
  6908 | D:10     | Found Jyre Ido's Magic Scroll Shop.
  7064 | D:10     | Banished a two-headed ogre
  7161 | D:10     | Noticed a two-headed ogre
  7164 | D:10     | Banished a two-headed ogre
  7164 | D:10     | Reached skill level 11 in Polearms
  7164 | D:10     | Reached XP level 11. HP: 60/60 MP: 11/11
  7862 | D:11     | Received a gift from Trog
  7866 | D:11     | Cast into level 2 of the Abyss (a distortion unwield)
  7866 | Abyss:2  | Found a corrupted altar of Lugonu.
  7926 | Abyss:2  | Noticed a large abomination
  7948 | Abyss:2  | Noticed a large abomination
  7996 | Abyss:2  | Noticed an orc sorcerer
  7997 | Abyss:2  | Noticed a great orb of eyes
  8001 | Abyss:2  | Killed an orc sorcerer
  8034 | Abyss:2  | Noticed a cacodemon
  8037 | Abyss:2  | Noticed a sixfirhy
  8123 | Abyss:2  | Noticed a wretched star
  8126 | Abyss:2  | HP: 4/90 [wretched star/orb of energy (18)]
  8129 | Abyss:2  | Slain by a sixfirhy

Skill      XL: |  1  2  3  4  5  6  7  8  9 10 11 |
---------------+----------------------------------+-----
Axes           | 3 |  3.5
Dodging        | 2 3 4 |  4.3
Polearms       | 3 4 6 7 9 11 | 11.3
Fighting       | 4 5 6 7 |  7.5
Stealth        | 1 2 3 |  3.7
Armour         | 3 4 6 7 8 |  8.2

Action                   |  1- 3 |  4- 6 |  7- 9 | 10-12 || total
-------------------------+-------+-------+-------+-------++-------
Melee: Hand axe          |    38 |       |       |       ||    38
       Spear             |    40 |   129 |   338 |   294 ||   801
Invok: Berserk           |     1 |     1 |     7 |     6 ||    15
       Burn Spellbooks   |       |       |       |     1 ||     1
  Use: Scroll            |       |    11 |     5 |     2 ||    18
       Potion            |       |       |     2 |       ||     2
  Eat: Chunk             |       |     6 |    12 |     7 ||    25
       Ration            |       |       |     2 |     2 ||     4
Armor: Animal skin       |    21 |       |       |       ||    21
       Scale mail        |    15 |    39 |   114 |    87 ||   255
Dodge: Dodged            |    47 |    35 |   114 |    71 ||   267
